[Event "*** Titled Tuesday Blitz"]
[Site "Chess.com"]
[Date "2019.04.02"]
[Round "7"]
[White "Sashadav97"]
[Black "cstevens1"]
[Result "1/2-1/2"]
[WhiteElo "2530"]
[BlackElo "2709"]
[TimeControl "180+2"]
[EndTime "15:34:32 PDT"]
[Termination "Game drawn by repetition"]

1. d4 Nf6 2. c4 Nc6 3. Nc3 e5 4. d5 Ne7 5. e4 Ng6 6. h4 Bb4 7.
Bd3 Bxc3+ 8. bxc3 h6 9. h5 Ne7 10. Ne2 d6 11. Ng3 O-O 12. f3 Nh7 13. Nf5 Nxf5 14.
exf5 Nf6 15. Be4 Bd7 16. Be3 Qc8 17. g4 Nxe4 18. fxe4 f6 19. Qd2 Kh7 20. Kf2 b6 21. g5 fxg5 22. Kg3 Rf6 23. c5 bxc5 24. Rab1 Qa6 25.
Rb2 Raf8 26. Qe2 Qa4 27. c4 Bc8 28. Rc1 Ba6 29. Qc2 Qxc2 30. Rcxc2 Rc8 31. Rb3 Ra8 32. Bd2 Rff8 33. Ba5 Rfc8 34. Kf3 c6 35. dxc6 Rxc6 36. Ke3 Kg8 37. Kd3 Kf7 38. Rcb2 Ke8 39. Rf2 Ke7 40. Rfb2 Rcc8 41. Kc3 Kd7 42. Kd3 Kc6 43. Rb1 Re8 44. R1b2 Rf8 45. Rb1 Rf7 46. R1b2 Rb7 47. Rxb7 Bxb7 48.
Rf2 Rf8 49. Kc3 Kd7 50. Kd3 Kc6 51. Kc3 Kd7 52. Kd3 Kc6 53. Kc3 Ba6 54. Rb2 Bb7 55.
Rf2 1/2-1/2

[Event "*** Titled Tuesday Blitz"]
[Site "Chess.com"]
[Date "2019.04.02"]
[Round "7"]
[White "Haykos"]
[Black "Twiceblessed"]
[Result "1-0"]
[WhiteElo "2583"]
[BlackElo "2568"]
[TimeControl "180+2"]
[EndTime "15:34:32 PDT"]
[Termination "Haykos won by checkmate"]

1. e4 e5 2. Nf3 Nc6 3. Bc4 Bc5 4. d3 Nf6 5. O-O O-O 6. Re1 Ng4 7. Re2 Kh8 8. h3 f5 9. exf5 Nxf2 10. Rxf2 d5 11. Bb5 Bxf2+ 12. Kxf2 e4 13. dxe4 dxe4 14. Qxd8 Nxd8 15.
Nd4 c5 16. Ne2 Bxf5 17. Kg1 Ne6 18. Be3 Rad8 19. Nbc3 Nd4 20. Ba4 Bd7 21. Bxd7 Nxc2 22. Bxc5 Nxa1 23. Bxf8 Rxd7 24. Nxe4 Nc2 25. Bd6 Ne1 26. Nf4 Rf7 27. h4 Rf5 28. g4 Ra5 29. Nc3 Nf3+ 30. Kf2 Nxh4 31. Ke3 Ng6 32. Nxg6+ hxg6 33. Ke4 Kg8 34. b4 Ra3 35. Be5 Kf7 36. b5 a6 37. b6 Ra5 38. Kd4 g5 39. a4 g6 40.
Bd6 Ke6 41. Bc5 Kd7 42. Kd5 Kc8 43. Kd6 Kb8 44. Bb4 Ka8 45. Bxa5 Kb8 46. Kd7 Ka8 47.
Nd5 Kb8 48. Bd2 Ka8 49. Nc7+ Kb8 50. Nxa6+ Ka8 51. Nc5 Kb8 52. a5 Ka8 53. Bxg5 Kb8 54. Bf4+ Ka8 55. a6 bxa6 56. b7+ Ka7 57. b8=Q# 1-0

[Event "*** Titled Tuesday Blitz"]
[Site "Chess.com"]
[Date "2019.04.02"]
[Round "7"]
[White "robbykevlishvili"]
[Black "TregubovP"]
[Result "1-0"]
[WhiteElo "2857"]
[BlackElo "2528"]
[TimeControl "180+2"]
[EndTime "15:34:33 PDT"]
[Termination "robbykevlishvili won by resignation"]

1. e4 c5 2. Nf3 e6 3. d4 cxd4 4.
Nxd4 Nc6 5. Nc3 Nf6 6. Ndb5 Bb4 7.
a3 Bxc3+ 8. Nxc3 d5 9. exd5 exd5 10. Bd3 O-O 11. O-O d4 12. Ne2 Bg4 13. f3 Bh5 14. Nf4 Bg6 15. Nxg6 hxg6 16. f4 Re8 17. Qf3 Nd5 18.
Bd2 Nce7 19. g4 Qb6 20. Rfe1 Ne3 21. Bxe3 dxe3 22. Qxe3 Qxb2 23. Rab1 Qxa3 24. Rxb7 Nd5 25. Qxe8+ Rxe8 26. Rxe8+ Kh7 27. Rbb8 Qc1+ 28. Kg2 Qd2+ 29. Kg1 Qc1+ 30. Kg2 Qd2+ 31. Kh3 Nxf4+ 32. Kg3 Qg2+ 33.
Kxf4 Qxh2+ 34. Ke3 Qg3+ 35. Kd2 Kh6 36. Rb5 f5 37. gxf5 gxf5 38. Rh8+ Kg5 39. Rxf5+ Kg4 40. Rhf8 Qh2+ 41. Rf2 Qg1 42. R8f5 g5 43. Be2+ Kh4 44.
R2f4+ gxf4 45. Rh5+ Kg3 46. Rg5+ Kf2 47. Rxg1 Kxg1 48.
c4 Kf2 49. c5 f3 50. Bxf3 1-0

[Event "*** Titled Tuesday Blitz"]
[Site "Chess.com"]
[Date "2019.04.02"]
[Round "7"]
[White "martinjogstad99"]
[Black "adriangschnitzer"]
[Result "1-0"]
[WhiteElo "2238"]
[BlackElo "2408"]
[TimeControl "180+2"]
[EndTime "15:34:38 PDT"]
[Termination "martinjogstad99 won by resignation"]

1. d4 Nf6 2. c4 c5 3. Nf3 cxd4 4. Nxd4 Nc6 5. g3 e5 6. Nf3 d5 7. Bg2 dxc4 8. O-O Qxd1 9. Rxd1 Be6 10. Nbd2 O-O-O 11. Ng5 Nd4 12. e3 Bg4 13. f3 Nc2 14.
fxg4 Nxa1 15. Nxf7 Bc5 16. Nxh8 Bxe3+ 17. Kf1 Nc2 18. Ke2 Bxd2 19. Nf7 Rf8 20. Rxd2 Nd4+ 21. Rxd4 exd4 22. Nd6+ Kc7 23. Nxc4 Nxg4 24. Bf4+ Kd8 25. h3 Nf6 26. Bxb7 Kd7 27. Bf3 Rc8 28. b3 Rc5 29. h4 a5 30. Kd3 h6 31. Kxd4 Rf5 32. Be4 Nxe4 33. Kxe4 Rb5 34. Kd4 g5 35. hxg5 hxg5 36.
Bd2 a4 37. bxa4 Rb1 38. Bxg5 Ra1 39. Bf4 Rxa2 40. a5 Ke6 41. Kc5 Kd7 42. Kb5 Kc8 43.
a6 Ra1 44. Be5 Rb1+ 45. Kc6 Rc1 46. a7 Ra1 47. Bc7 Ra6+ 48. Nb6+ Rxb6+ 49. Kxb6 1-0

[Event "*** Titled Tuesday Blitz"]
[Site "Chess.com"]
[Date "2019.04.02"]
[Round "7"]
[White "eldur16"]
[Black "nurgyulsalimova"]
[Result "0-1"]
[WhiteElo "2493"]
[BlackElo "2534"]
[TimeControl "180+2"]
[EndTime "15:34:44 PDT"]
[Termination "nurgyulsalimova won by resignation"]

1. e4 e5 2. Nf3 Nc6 3. Bb5 a6 4. Ba4 Nf6 5. O-O b5 6. Bb3 Bc5 7. a4 Rb8 8. c3 d6 9. d4 Bb6 10. a5 Ba7 11. Be3 Bg4 12. d5 Bxe3 13. fxe3 Ne7 14. Nbd2 O-O 15. Qe1 Ng6 16. h3 Bc8 17.
Bc2 b4 18. Rf2 bxc3 19. bxc3 Nd7 20. Nf1 Nc5 21. Ng3 Bd7 22. Nf5 Rb2 23. Qc1 Rb5 24. g3 Qb8 25. h4 h5 26. Ng5 f6 27. Qd1 fxg5 28. Qxh5 Be8 29. Qxg5 Rb2 30. h5 Rxc2 31. Rxc2 Nxe4 32. Qg4 Nf6 33. Qd1 Qc8 34. Rf2 Ne4 35.
hxg6 Rxf5 36. Rg2 Bxg6 37. Qe2 Nxc3 38. Qc4 Nb5 39. Rc1 Qf8 40. Qg4 Qf7 41. e4 Rf6 42.
Qc8+ Qf8 43. Qxa6 Nd4 44. Qd3 Nf3+ 45. Kh1 Bxe4 46. Qxe4 Rh6+ 0-1

[Event "*** Titled Tuesday Blitz"]
[Site "Chess.com"]
[Date "2019.04.02"]
[Round "7"]
[White "WanderingPuppet"]
[Black "ZeroRealtorFade"]
[Result "1-0"]
[WhiteElo "2389"]
[BlackElo "2259"]
[TimeControl "180+2"]
[EndTime "15:34:46 PDT"]
[Termination "WanderingPuppet won by checkmate"]

1. e4 e6 2. d4 d5 3. Nc3 c5 4. Nf3 Nf6 5. Bd3 Nc6 6. exd5 exd5 7. dxc5 Bxc5 8. O-O O-O 9. Bg5 Be7 10. h3 Be6 11.
Re1 Re8 12. a3 Nd7 13. Bxe7 Nxe7 14. Qd2 Nc6 15. Rad1 Qf6 16. Nb5 Rad8 17. Nc7 Re7 18. Nxe6 Rxe6 19. Rxe6 fxe6 20. c3 Nde5 21. Nxe5 Nxe5 22.
Re1 Rf8 23. Re2 Ng6 24. Bxg6 Qxg6 25. Qe3 Rf6 26. Qxa7 Qb1+ 27. Kh2 h5 28. Qb8+ Kh7 29. Qe5 Qg6 30. Qd4 Qg5 31. Re5 Qg6 32. Qe3 Rf5 33.
Rxe6 Qf7 34. Re7 Qf6 35. f3 h4 36. Rxb7 Rg5 37. Re7 Qg6 38. Qe2 Qd6+ 39. Kh1 Qg3 40. Re6 g6 41. Re7+ Kh6 42. Re8 Qf4 43. Rh8+ Kg7 44. Re8 Qc1+ 45. Kh2 Qf4+ 46. Kg1 Qc1+ 47.
Qe1 Qxb2 48. Qe7+ Kh6 49. Rh8# 1-0

[Event "*** Titled Tuesday Blitz"]
[Site "Chess.com"]
[Date "2019.04.02"]
[Round "7"]
[White "nabukatnezarr"]
[Black "Gahan-MG"]
[Result "1-0"]
[WhiteElo "2578"]
[BlackElo "2564"]
[TimeControl "180+2"]
[EndTime "15:34:50 PDT"]
[Termination "nabukatnezarr won by resignation"]

1. e4 c5 2. Nc3 e6 3. d4 cxd4 4. Qxd4 Nc6 5. Qd2 Nf6 6. f3 Bb4 7. a3 Ba5 8. b4 Bc7 9. Nb5 d5 10.
exd5 Be5 11. Rb1 Nxd5 12. c4 Nf6 13. Qxd8+ Nxd8 14. f4 Bb8 15. c5 O-O 16. Nf3 Nd5 17.
g3 Bd7 18. Nd6 Bxd6 19. cxd6 Rc8 20. Bg2 Nc3 21. Ra1 Bc6 22. Bb2 Nb5 23. Rd1 a6 24. O-O f6 25. Rfe1 Bd5 26. d7 Rc2 27. Rd2 Rxd2 28. Nxd2 Bxg2 29. Kxg2 Rf7 30. a4 Nd6 31.
Rd1 Nf5 32. Nc4 b5 33. g4 bxc4 34. gxf5 exf5 35. b5 axb5 36. axb5 Re7 37. Ba3 Re3 38. Bc5 Re2+ 39. Kf3 Rb2 40. Be7 Rb3+ 41. Kg2 Nb7 42. Rd5 c3 43. d8=Q+ Nxd8 44. Bxd8 Kf7 45. b6 Ke6 46.
Rc5 Kd7 47. Bc7 Rb2+ 48. Kf3 c2 49. Ke3 g5 50. Kd2 c1=Q+ 51. Kxc1 Rxh2 52. fxg5 fxg5 53. Bxh2 1-0

[Event "*** Titled Tuesday Blitz"]
[Site "Chess.com"]
[Date "2019.04.02"]
[Round "7"]
[White "Andrjywa"]
[Black "Margency"]
[Result "1/2-1/2"]
[WhiteElo "2528"]
[BlackElo "2698"]
[TimeControl "180+2"]
[EndTime "15:34:54 PDT"]
[Termination "Game drawn - insufficient material"]

1. Nf3 Nf6 2. g3 g6 3. Bg2 d5 4.
O-O Bg7 5. c4 dxc4 6. Qc2 O-O 7.
Qxc4 Nc6 8. d3 Nd5 9. a3 Nb6 10. Qc2 Bg4 11. Be3 Qd7 12. Nc3 Bh3 13. Rac1 Bxg2 14. Kxg2 Rad8 15. Nb5 Nd5 16. Bd2 Ne5 17. Nxe5 Bxe5 18. Nc3 c6 19. Nxd5 Qxd5+ 20. f3 h5 21.
Qc4 Rd7 22. Qxd5 Rxd5 23. Bc3 Rfd8 24. Bxe5 Rxe5 25. Kf2 Rb5 26. Rc2 a5 27. Rfc1 Rb3 28.
Rb1 Rd5 29. Rc3 Rb6 30. b3 e6 31. Ke3 Kf8 32. Kd2 g5 33. Kc2 g4 34. f4 Ra6 35.
e4 Rd8 36. Rc5 Ke7 37. Rxh5 Raa8 38. Rg5 Rh8 39. Rh1 Rag8 40. Rxg8 Rxg8 41. h4 gxh3 42.
Rxh3 Kd6 43. Kc3 f5 44. e5+ Kd5 45. Rh7 Rxg3 46. Rxb7 Rf3 47. b4 Rxf4 48. Rd7+ Kxe5 49. d4+ Kf6 50. bxa5 Rh4 51. a6 Rh8 52. a7 f4 53.
Kd2 Kf5 54. Rb7 Ra8 55. Kd3 e5 56. dxe5 Kxe5 57. Rd7 c5 58. Kc4 f3 59. Rf7 f2 60. Rxf2 Rxa7 61. Kxc5 Rxa3 62. Re2+ Kf4 63. Re8 Re3 64. Rxe3 Kxe3 1/2-1/2

[Event "*** Titled Tuesday Blitz"]
[Site "Chess.com"]
[Date "2019.04.02"]
[Round "7"]
[White "Andrew-FB00"]
[Black "ChessQueen"]
[Result "0-1"]
[WhiteElo "1865"]
[BlackElo "2649"]
[TimeControl "180+2"]
[EndTime "15:34:54 PDT"]
[Termination "ChessQueen won by resignation"]

1. e4 c5 2. Nf3 Nc6 3. Bb5 g6 4. O-O Bg7 5. c3 Nf6 6. Re1 O-O 7. d4 d5 8. e5 Ne4 9. Bxc6 bxc6 10. Nbd2 cxd4 11.
cxd4 c5 12. Nxe4 dxe4 13. Rxe4 Bb7 14. Rh4 Qd5 15. Bh6 Rfd8 16. Bxg7 Kxg7 17. Qd2 h5 18.
Qg5 f6 19. exf6+ exf6 20. Qxd5 Rxd5 21. dxc5 Rxc5 22. Nd4 Re8 23. Rh3 Rd5 24. Nb3 Rg5 25. Rg3 Re2 26. Nd4 Rxg3 27. hxg3 Rxb2 28. Ne6+ Kh6 29. a4 Bd5 30. Nf4 Ba2 31. Nd3 Rb1+ 32.
Rxb1 Bxb1 33. Nb4 Kg7 34. a5 Kf7 35. Nc6 Bf5 36. Nxa7 Bd7 37. a6 Ke7 38. f3 Kd6 39.
Kf2 Kc5 40. g4 h4 41. Ke3 Kb6 42. Kd4 Kxa7 43. Kd5 f5 44. gxf5 Bxf5 45. Ke5 h3 46. gxh3 Bxh3 47. Kf4 Bf5 48. Kg5 Kxa6 49. f4 Kb5 50.
Kh4 Kc5 51. Kg5 Kd4 52. Kh4 Ke3 53. Kg3 Ke4 54. Kf2 Kxf4 55. Kg2 Kg4 56. Kf2 Kh3 57. Kg1 Kg3 0-1

[Event "*** Titled Tuesday Blitz"]
[Site "Chess.com"]
[Date "2019.04.02"]
[Round "7"]
[White "GMKrikor"]
[Black "Oleg_Papayan"]
[Result "1/2-1/2"]
[WhiteElo "2721"]
[BlackElo "2519"]
[TimeControl "180+2"]
[EndTime "15:34:55 PDT"]
[Termination "Game drawn by repetition"]

1. Nf3 Nf6 2. c4 b6 3. g3 Bb7 4.
Bg2 e6 5. O-O Be7 6. d4 O-O 7. Re1 d5 8. cxd5 exd5 9. Nc3 Nbd7 10. Bf4 c5 11. Rc1 a6 12. dxc5 bxc5 13.
Ne5 Nb6 14. Na4 Nxa4 15. Qxa4 Qb6 16. Nd7 Nxd7 17. Qxd7 Rfe8 18. Bxd5 Bxd5 19. Qxd5 Qxb2 20. Rb1 Qd4 21. Qxd4 cxd4 22. Red1 Bf6 23. Kf1 Rac8 24.
Rd2 Rc6 25. Rb8 Rxb8 26. Bxb8 h5 27. f4 Rc4 28. Ba7 Kh7 29. Kf2 Kg6 30. Kf3 Rc3+ 31. Rd3 Rc2 32. a3 Kf5 33. h3 Ra2 34. g4+ hxg4+ 35. hxg4+ Ke6 36. Bc5 g6 37. Bb4 Kd5 38.
Rd1 Rc2 39. e3 Kc4 40. exd4 Bxd4 41. Ke4 Re2+ 42. Kf3 Re3+ 43. Kg2 f5 44. gxf5 gxf5 45. Rc1+ Kd5 46. Rc8 Ke4 47. Re8+ Kd3 48. Rf8 Ke4 49.
Re8+ Kd3 50. Rf8 Ke4 51. Re8+ 1/2-1/2

[Event "*** Titled Tuesday Blitz"]
[Site "Chess.com"]
[Date "2019.04.02"]
[Round "7"]
[White "vladimirdamjanovic"]
[Black "moro182"]
[Result "1-0"]
[WhiteElo "2572"]
[BlackElo "2762"]
[TimeControl "180+2"]
[EndTime "15:34:57 PDT"]
[Termination "vladimirdamjanovic won by resignation"]

1. e4 e5 2. Nc3 Nc6 3. Bc4 Nf6 4. d3 Bc5 5. f4 d6 6. Nf3 Na5 7. Bb3 Bg4 8. fxe5 Nxb3 9. axb3 dxe5 10. h3 Bxf3 11.
Qxf3 Qe7 12. Bg5 Bb4 13. Bxf6 Qxf6 14. Qxf6 gxf6 15. O-O Bxc3 16. bxc3 Ke7 17. Rf5 Rhg8 18. Rh5 Rg7 19. Rf1 Rh8 20. g4 Rg5 21. Rh6 Rg6 22. Rh5 h6 23. Kf2 Rd8 24. Ke3 c5 25. Ra1 a6 26.
Ra5 Kd6 27. d4 cxd4+ 28. cxd4 exd4+ 29. Kxd4 Ke6+ 30. Rad5 Rh8 31. e5 Rg5 32. Rd6+ Ke7 33. Rxf6 Rd8+ 34. Ke4 Rd2 35. Rxg5 hxg5 36. Rb6 Rxc2 37.
Rxb7+ Kf8 38. Kf5 Rc3 39. Kxg5 Rxh3 40. Rb6 Kg7 41. Rb7 Kf8 42. b4 Rb3 43. e6 fxe6 44. Kf6 Rf3+ 45. Kxe6 Rb3 46. Kf6 Kg8 47. Kg6 Kf8 48.
Rb6 Rb1 49. g5 Rb2 50. Rb7 a5 51. b5 a4 52. Rb8+ Ke7 53. Ra8 Rxb5 54. Rxa4 Kf8 55. Ra8+ Ke7 56. Kh6 Kf7 57. g6+ Kf6 58. Rf8+ Ke7 59.
Rf2 1-0

[Event "*** Titled Tuesday Blitz"]
[Site "Chess.com"]
[Date "2019.04.02"]
[Round "7"]
[White "Martins-BR"]
[Black "Maili15"]
[Result "1/2-1/2"]
[WhiteElo "2240"]
[BlackElo "2268"]
[TimeControl "180+2"]
[EndTime "15:34:57 PDT"]
[Termination "Game drawn by agreement"]

1. e4 c5 2. Nf3 d6 3. d4 cxd4 4.
Nxd4 Nf6 5. Nc3 a6 6. Bg5 Nbd7 7. f4 h6 8. Bh4 Qc7 9. Qe2 g5 10. fxg5 hxg5 11. Bxg5 Rg8 12. Bd2 Ne5 13. h3 b5 14.
a3 Bb7 15. O-O-O Nc4 16. g4 Nxd2 17. Qxd2 Nxe4 18. Nxe4 Bxe4 19. Bg2 Bxg2 20. Qxg2 Rc8 21. Kb1 Bg7 22. Nf5 Bf6 23. Rhe1 Be5 24. Re2 Rb8 25.
Qf3 a5 26. Rf1 e6 27. Ne3 b4 28. a4 Rg6 29. h4 Rf6 30. Qg2 Rxf1+ 31. Qxf1 Qc6 32. g5 Qxa4 33. Nc4 b3 34. Nxe5 dxe5 35. cxb3 Qxb3 36. Qc1 Qb5 37. Rc2 Kf8 38. Rc8+ Kg7 39.
Rxb8 Qxb8 40. Qc3 Qb5 41. Ka2 Qa4+ 42. Kb1 Qd1+ 43. Ka2 Qa4+ 44. Kb1 Qd1+ 45. Ka2 1/2-1/2

[Event "*** Titled Tuesday Blitz"]
[Site "Chess.com"]
[Date "2019.04.02"]
[Round "7"]
[White "Miguelito"]
[Black "Durarbayli"]
[Result "1-0"]
[WhiteElo "2670"]
[BlackElo "2751"]
[TimeControl "180+2"]
[EndTime "15:35:01 PDT"]
[Termination "Miguelito won by resignation"]

1. e4 e5 2. Nc3 Nc6 3. g3 h5 4. Nf3 d6 5. Bg2 Be7 6. d4 Bg4 7. d5 Nd4 8. Qd3 Bxf3 9. Bxf3 h4 10. Bg2 hxg3 11. hxg3 Rxh1+ 12. Bxh1 Qd7 13. Be3 Bf6 14.
O-O-O c5 15. dxc6 bxc6 16. Ne2 Nxe2+ 17. Qxe2 Be7 18. Bg2 Nf6 19. Rh1 Qb7 20. Qc4 Bf8 21. Bh3 Rb8 22. b3 d5 23. exd5 cxd5 24. Qa4+ Qb5 25. Qxa7 Rb7 26. Qa8+ Rb8 27. Qa7 Rb7 28. Bf1 Qb4 29. Qa8+ Rb8 30. Qc6+ Nd7 31. Bh3 Qd6 32.
Qa4 d4 33. Bd2 Qa3+ 34. Qxa3 Bxa3+ 35. Kb1 Nc5 36. Re1 f6 37. Bg2 Kd7 38. c3 Nd3 39.
Rf1 Bc5 40. cxd4 Bxd4 41. Be3 Bxe3 42. fxe3 Ke6 43. Rd1 Nf2 44. Rd2 Ng4 45. Bh3 Kf5 46. Kb2 Kg5 47. e4 Ne3 48. Rd3 Nc4+ 49. Kc3 Na3 50. Rd7 g6 51. Bf1 Rc8+ 52. Kb2 Nc2 53.
a4 Nd4 54. Bc4 Ra8 55. Kc3 Kg4 56. Rd6 Rf8 57. a5 Kxg3 58. a6 Kf4 59. a7 Ra8 60. Rxf6+ Kxe4 61. Ra6 g5 62. Kb4 g4 63. Kc5 g3 64.
Bd5+ Kf4 65. Bxa8 Nxb3+ 66. Kb4 1-0

[Event "*** Titled Tuesday Blitz"]
[Site "Chess.com"]
[Date "2019.04.02"]
[Round "7"]
[White "Caterpiller35"]
[Black "XiaoKangZhong"]
[Result "1-0"]
[WhiteElo "2232"]
[BlackElo "2112"]
[TimeControl "180+2"]
[EndTime "15:35:01 PDT"]
[Termination "Caterpiller35 won by resignation"]

1. d4 Nf6 2. Bf4 g6 3. Nc3 d5 4.
e3 Bg7 5. h4 h5 6. Nb5 Na6 7. Nf3 c6 8. Nc3 Nc7 9. Ne5 Ne6 10. Be2 Nxf4 11. exf4 Bf5 12. Qd2 Bh6 13. O-O-O Qc7 14. f3 Be6 15. g4 Nd7 16. g5 Bg7 17. Bd3 O-O-O 18. Kb1 Kb8 19. Ne2 c5 20. c3 c4 21. Bc2 Ka8 22. Ng3 Nxe5 23. fxe5 Qd7 24. f4 Bg4 25. Rdf1 e6 26. Bd1 Bxd1 27. Qxd1 Rb8 28. Kc2 b5 29. a3 Qc6 30. Kd2 Kb7 31.
Ke3 Kc7 32. Ne2 Kd7 33. f5 exf5 34. Nf4 a5 35. Qf3 Rhe8 36. Nxd5 Bxe5 37. dxe5 Rxe5+ 38. Kd4 Re4+ 39. Qxe4 fxe4 40. Rxf7+ Ke8 41. Rhf1 Qd6 42. R1f6 e3 43. Rxd6 Kxf7 44. Rd7+ Ke6 45. Re7+ Kf5 46. Nxe3+ Kf4 47. Nd5+ Kg4 48. Re4+ Kg3 49. Ne7 Rd8+ 50.
Kc5 Rd2 51. Kxb5 Rxb2+ 52. Kxa5 Rb3 53. Rxc4 Rxa3+ 54. Kb4 Ra6 55. Kb5 Re6 56. Nd5 Re5 57. Rd4 Re1 58. c4 Rb1+ 59. Kc6 Rc1 60. c5 Re1 61. Kd6 Kh3 62. c6 Rg1 63. c7 Rc1 64. Kd7 Rc2 65. c8=Q Rd2 66. Rxd2 1-0

[Event "*** Titled Tuesday Blitz"]
[Site "Chess.com"]
[Date "2019.04.02"]
[Round "7"]
[White "Guenplen"]
[Black "jefferyx"]
[Result "1/2-1/2"]
[WhiteElo "2929"]
[BlackElo "2894"]
[TimeControl "180+2"]
[EndTime "15:35:02 PDT"]
[Termination "Game drawn by repetition"]

1. Nf3 d5 2. e3 Nf6 3. c4 e6 4. Nc3 dxc4 5. Bxc4 a6 6. b3 b5 7. Be2 Bb7 8. Bb2 Nbd7 9. O-O c5 10. a4 b4 11. Nb1 Be7 12. d3 O-O 13. Nbd2 Nd5 14. Rc1 Bf6 15. d4 Rc8 16. Nc4 cxd4 17. Nxd4 Nc5 18.
Bf3 e5 19. Nf5 e4 20. Bxf6 Qxf6 21.
Bg4 Nd3 22. Nfd6 Nc3 23. Rxc3 bxc3 24. Bxc8 Bxc8 25. Nxe4 Qg6 26. Nxc3 Bg4 27. f3 Bh3 28. Qc2 Be6 29. Rd1 Nc5 30. Qxg6 hxg6 31. Na5 Rb8 32. e4 Nxb3 33. Rb1 Rc8 34. Nxb3 Rxc3 35. Nd4 Bc4 36.
Rb8+ Kh7 37. Rc8 Rc1+ 38. Kf2 Rf1+ 39. Kg3 Ba2 40. Rc2 Ra1 41. a5 f6 42. h4 Bg8 43.
Rc5 Ra4 44. Nc6 Bc4 45. Nd8 Kg8 46. Nb7 Bf1 47. Rc1 Bb5 48. Rc8+ Kh7 49. Rc2 Ra1 50. Rb2 Bc6 51. Nd8 Bb5 52. Nb7 Bc6 53. Nd8 Bb5 54.
Nb7 Bc6 1/2-1/2

[Event "*** Titled Tuesday Blitz"]
[Site "Chess.com"]
[Date "2019.04.02"]
[Round "7"]
[White "maestroza"]
[Black "kingofthenil"]
[Result "1-0"]
[WhiteElo "2483"]
[BlackElo "2411"]
[TimeControl "180+2"]
[EndTime "15:35:02 PDT"]
[Termination "maestroza won by checkmate"]

1. e4 e6 2. d4 d5 3. Nc3 Nf6 4.
e5 Nfd7 5. Nf3 c5 6. dxc5 Bxc5 7.
Bd3 Nc6 8. Qe2 a6 9. Bf4 b5 10. O-O Nb6 11. b3 Bd7 12. a4 b4 13.
Nd1 a5 14. Re1 Rc8 15. Nb2 Ne7 16. Rad1 h6 17. Bg3 O-O 18. Bh4 Qe8 19. Qd2 Ng6 20.
Bg3 Bc6 21. h4 Ne7 22. Qf4 f5 23. exf6 Rxf6 24. Qg4 Nf5 25. Be5 Rg6 26. Qh3 Qf7 27. h5 Rf6 28. Bxf6 Qxf6 29. Bxf5 exf5 30. Nd3 Bd6 31. Qh4 Rf8 32. Qxf6 Rxf6 33. Nd4 Bd7 34. Ne5 Be8 35. Ng4 Rf8 36. Re6 Nc8 37. Ne3 Bd7 38. Nxd5 Bxe6 39. Nxe6 Re8 40. Nd4 f4 41. Kf1 Ne7 42.
Nb6 Rb8 43. Nc4 Bc5 44. Ne6 Rc8 45. Nxf4 Kf7 46. Rd7 Rf8 47. Ne5+ Ke8 48. Nfd3 Bb6 49. Rb7 Bd8 50. f3 Rf5 51. g4 Rf4 52. Nxf4 Nd5 53. Nxd5 g5 54. hxg6 h5 55. g7 h4 56. g8=Q# 1-0

[Event "*** Titled Tuesday Blitz"]
[Site "Chess.com"]
[Date "2019.04.02"]
[Round "7"]
[White "Manukyan_Artak"]
[Black "ilm2034"]
[Result "1-0"]
[WhiteElo "2454"]
[BlackElo "2404"]
[TimeControl "180+2"]
[EndTime "15:35:02 PDT"]
[Termination "Manukyan_Artak won by checkmate"]

1. e4 g6 2. d4 Bg7 3. c4 c5 4. d5 e5 5. Nc3 d6 6. Bd3 Ne7 7. g4 Na6 8. h4 Nc7 9. h5 Bd7 10. h6 Bf8 11. Bg5 Qb8 12. Bf6 Rg8 13. a4 b6 14. f3 a6 15. Nge2 Nc8 16. Qb3 Be7 17. Bxe7 Nxe7 18. Ra3 f6 19. Kd2 Kf7 20. Rha1 f5 21.
gxf5 gxf5 22. exf5 Nxf5 23. Qc2 Nd4 24. Nxd4 cxd4 25. Ne2 Qf8 26. Rh1 Ke7 27. Bxh7 Rh8 28. Qg6 Ne8 29. Qg5+ Nf6 30. Be4 Rc8 31. b3 Rg8 32. Qh4 Kd8 33. h7 Rh8 34. Raa1 Kc7 35. Rag1 b5 36. axb5 axb5 37. Qh6 Nxe4+ 38. fxe4 Qf2 39.
Rh2 Qf3 40. Rg3 Qxe4 41. Rg7 Rcd8 42. Rf2 bxc4 43. bxc4 d3 44. Nc3 Qxc4 45. Rff7 Qb4 46. Kxd3 Qd4+ 47. Kc2 Qc5 48. Qe6 Kb6 49. Rxd7 Rxd7 50.
Rxd7 Ra8 51. Rxd6+ Kb7 52. Qd7+ Kb8 53. Qd8+ Kb7 54.
Rd7+ Ka6 55. Qxa8+ Qa7 56. Qxa7# 1-0

[Event "*** Titled Tuesday Blitz"]
[Site "Chess.com"]
[Date "2019.04.02"]
[Round "7"]
[White "AryanTari"]
[Black "GadimbayliA"]
[Result "0-1"]
[WhiteElo "2839"]
[BlackElo "2822"]
[TimeControl "180+2"]
[EndTime "15:35:03 PDT"]
[Termination "GadimbayliA won by resignation"]

1. e4 e6 2. d4 d5 3. Nc3 Ne7 4. Nf3 a6 5. Bd3 Nbc6 6. O-O g6 7. exd5 exd5 8. Bf4 Bg7 9. h3 O-O 10. Re1 Nxd4 11.
Nxd4 Bxd4 12. Qd2 Bg7 13. Bg5 f6 14. Bf4 c6 15. Re2 Bf5 16. Rae1 Rf7 17. Na4 b6 18. Nxb6 Qxb6 19. Rxe7 Rxe7 20. Rxe7 Bf8 21. Re2 Bxd3 22. cxd3 Kf7 23. d4 Re8 24. Be3 Bd6 25. Qc1 Bf4 26.
Rc2 Bxe3 27. fxe3 Re6 28. Rc5 Qb7 29. Qc3 Qc7 30. Kf2 Qb7 31. Qb3 Qe7 32. Qc3 Qb7 33. Qb3 Qe7 34. Ra5 f5 35. Rxa6 f4 36. exf4 Qh4+ 37. Kg1 Re1+ 38. Kh2 Qxf4+ 39. Qg3 Rh1+ 40.
Kxh1 Qxg3 41. Rxc6 Qe1+ 42. Kh2 Qf2 43. Rc7+ Ke6 44. Rxh7 Qxb2 45. Rh4 Qxa2 46. Rg4 Kf5 47. Kh1 Qe2 48. Kh2 Qxg4 49. hxg4+ Kxg4 50. Kg1 Kf4 51. Kf2 Ke4 52. Kg3 Kxd4 53. Kf4 Kc3 54. Kg5 d4 55. Kxg6 d3 56. g4 d2 0-1

[Event "*** Titled Tuesday Blitz"]
[Site "Chess.com"]
[Date "2019.04.02"]
[Round "7"]
[White "Fy_Rakotomaharo"]
[Black "vugarrasulov"]
[Result "1-0"]
[WhiteElo "2642"]
[BlackElo "2836"]
[TimeControl "180+2"]
[EndTime "15:35:04 PDT"]
[Termination "Fy_Rakotomaharo won by resignation"]

1. d4 Nf6 2. c4 g6 3. Nc3 Bg7 4. e4 O-O 5. Be2 d6 6. Bg5 c5 7. d5 b5 8. cxb5 a6 9. a4 Qa5 10. Qd2 axb5 11. Bxb5 Ba6 12. Bxa6 Nxa6 13. Nge2 Qb4 14.
f3 Rab8 15. O-O Qxb2 16. Nb5 Qxd2 17. Bxd2 Nd7 18. Bc3 Nb6 19. Bxg7 Kxg7 20. Nec3 Ra8 21. a5 Nc4 22. Ra4 Nb4 23. Rfa1 Nb2 24. R4a3 Nc2 25.
a6 Nxa1 26. Rxa1 Rfb8 27. Nc7 Nc4 28. Nxa8 Rxa8 29. a7 Nb6 30. Nb5 Nc8 31. Kf2 Kf8 32. Ke3 e6 33. Ra6 exd5 34. exd5 Ke7 35. Rc6 Kf6 36. Rc7 Ke5 37. Rxf7 Nxa7 38. Rxa7 Rb8 39. Nc3 Rb2 40. g4 Rb3 41. f4+ Kf6 42. Kd3 h5 43. gxh5 gxh5 44. Rh7 Kf5 45. Rxh5+ Kxf4 46. Rh6 Rb4 47. Rxd6 Kf5 48. Rh6 Rd4+ 49. Ke3 Rc4 50. Ne2 Re4+ 51. Kf3 Rb4 52. d6 Rb3+ 53. Kf2 Rd3 54.
Ng3+ Ke5 55. Ke2 c4 56. Nf1 Ke4 57. Rh4+ Kd5 58. Ne3+ 1-0

[Event "*** Titled Tuesday Blitz"]
[Site "Chess.com"]
[Date "2019.04.02"]
[Round "7"]
[White "Yoshkinkot"]
[Black "Floatingdream1"]
[Result "1/2-1/2"]
[WhiteElo "2578"]
[BlackElo "2813"]
[TimeControl "180+2"]
[EndTime "15:35:05 PDT"]
[Termination "Game drawn by agreement"]

1. e4 c5 2. Nf3 g6 3. d4 cxd4 4. Qxd4 Nf6 5. Nc3 Nc6 6. Qa4 Bg7 7. e5 Ng8 8. Bf4 Nh6 9. Bc4 O-O 10. O-O d6 11. exd6 e5 12. Bxh6 Bxh6 13. Rad1 Bd7 14. Qa3 Kg7 15. Bd5 f6 16. Rfe1 Rc8 17. Ne4 b6 18. c3 f5 19. Ng3 e4 20. Bxc6 Rxc6 21. Ne5 Rc5 22. Nxd7 Qxd7 23. Ne2 Re8 24. Nd4 Bf4 25.
Nb3 Rc6 26. Qa4 Kh6 27. g3 Be5 28. f3 Rd8 29. fxe4 f4 30. Qb5 Rxd6 31. Qxd7 R8xd7 32. Rxd6 Rxd6 33. gxf4 Bxf4 34. Re2 Kg5 35. Kg2 Rd1 36.
Nd4 Kf6 37. Nf3 g5 38. h3 h5 39. e5+ Ke7 40. Nd4 a6 41. e6 Rd2 42. Nc6+ Kd6 43.
Rxd2+ Bxd2 44. e7 Kd7 45. Kf3 b5 46. Nb8+ Kxe7 47. Nxa6 Bc1 48. b3 Kd6 49. c4 bxc4 50. bxc4 Bd2 51. a3 Kc6 52. Nb4+ Kc5 53. Nd3+ Kxc4 54. Ne5+ Kb3 55. Ke4 g4 56. hxg4 hxg4 57. Nxg4 Kxa3 58. Kd3 1/2-1/2

[Event "*** Titled Tuesday Blitz"]
[Site "Chess.com"]
[Date "2019.04.02"]
[Round "7"]
[White "Witik"]
[Black "DrVitman"]
[Result "1-0"]
[WhiteElo "2626"]
[BlackElo "2629"]
[TimeControl "180+2"]
[EndTime "15:35:06 PDT"]
[Termination "Witik won on time"]

1. d4 Nf6 2. c4 e6 3. Nf3 Bb4+ 4. Nbd2 O-O 5. e3 d5 6. a3 Be7 7. b4 b6 8. Qc2 Bb7 9. c5 a5 10. Rb1 axb4 11. axb4 c6 12. Bd3 Ba6 13. Ne5 Bxd3 14. Qxd3 Nfd7 15. Nef3 f5 16. Rg1 b5 17. g4 Ra4 18. gxf5 exf5 19. Ke2 Na6 20. Qc3 Qe8 21. Kd1 Qh5 22. Kc2 Nc7 23. Ra1 Rfa8 24. Ra3 Ne6 25. Kb1 R8a6 26. Rxa4 Rxa4 27. Rg2 Ra6 28. Ne1 Nf6 29.
f3 Qh3 30. Re2 Kf7 31. Nd3 Nd7 32. e4 Bf6 33. exd5 cxd5 34. Nb3 Qf1 35. Re1 Qxf3 36.
c6 Rxc6 37. Qxc6 Qxd3+ 38. Qc2 Qxc2+ 39. Kxc2 Nxd4+ 40. Nxd4 Bxd4 41. Rd1 Be5 42. Rxd5 Ke6 43. Rxb5 Bxh2 44. Ra5 h5 45. Ra6+ Kd5 46. Rg6 Be5 47. Rg5 Ke4 48. Rxh5 f4 49. b5 1-0